AoeStats
← Dieguin

Scandinavia

510314962Analyzed
1v1 RM · 2d ago on Sep 30, 2026· 38m 26s· 2 players
Game mode
Random Map
Map size
Tiny (2 player)
Population
200
Speed
Normal
Resources
Standard
Victory
Conquest
Starting age
Dark Age
Ending age
Imperial Age
RankedLock teamsTeams togetherTeam positionsShared explorationLock speedFull tech treeHidden civsTurbo modeCheats
Victory
Defeat
🇨🇴 Cumans · Colombia
746
+15
🇳🇱 Khmer · Netherlands
733
-15
zwiktuut
10:29 Feudal Age
11:24 Double-Bit Axe
13:09 Horse Collar
15:12 Bloodlines
18:10 Forging
18:06 Scale Barding Armor
19:57 Loom
23:09 Castle Age
22:22 Fletching
24:15 Bow Saw
24:09 Heavy Plow
25:03 Wheelbarrow
25:34 Iron Casting
25:20 Chain Barding Armor
25:52 Stone Mining
25:52 Light Cavalry
26:33 Husbandry
30:56 Imperial Age
28:33 Gold Mining
Dieguin
6:59 Loom
10:18 Feudal Age
16:07 Padded Archer Armor
16:18 Forging
23:19 Double-Bit Axe
24:00 Scale Mail Armor
25:10 Arson
28:24 Castle Age
26:15 Horse Collar
27:14 Wheelbarrow
27:44 Stone Mining
27:46 Gold Mining
29:43 Bow Saw
30:18 Gold Shaft Mining
29:48 Heavy Plow
29:32 Capped Ram
29:39 Pikeman
30:35 Fletching
31:22 Iron Casting
30:19 Elite Skirmisher
33:26 Chain Mail Armor
37:30 Hand Cart
39:50 Imperial Age
38:31 Bodkin Arrow
38:53 Leather Archer Armor
Connection lost

Rejoining the realm…

Still unreachable

The connection could not be restored.

Session expired

The server has moved on; the page needs a fresh start.